Map: Blueshift LE

Players

Cure - Winner!

  • Race: Terran Terran
  • League: Master
  • Spawn Location: 7:00

ShoWTimE

  • Race: Protoss Protoss
  • Spawn Location: 1:00

Event: HomeStory Cup XVIII

VOD

Have the link to the VOD?

Description

Time

  • Played on: Nov. 22, 2018, 9:10 a.m.
  • Length: 7:31

All games in this series

Show
View Real Time Build Order
Export as new Build Order

Cure Terran - Winner!

Build Orders: Reaper Expand 

Get SALT Encoding   

  12  0:00  SCV  
  13  0:13  SCV  
  14  0:17  Supply Depot  
  14  0:25  SCV  
  15  0:38  SCV  
  15  0:40  Barracks  
  16  0:42  Refinery  
  16  0:50  SCV  
  17  1:02  SCV  
  18  1:14  SCV  
  19  1:26  Reaper  
  19  1:27  Orbital Command  
  20  1:43  Command Center  
  20  1:49  Supply Depot  
  20  1:52  SCV  
  21  1:55  Refinery  
  21  1:58  Reaper  
  22  2:04  SCV  
  23  2:16  SCV  
  23  2:20  Factory  
  24  2:29  SCV  
  25  2:31  Barracks Tech Lab  
  25  2:35  Barracks  
  25  2:41  SCV  
  26  2:53  SCV  
  27  2:58  Barracks  
  27  3:05  SCV  
  28  3:08  Barracks Reactor  
  28  3:10  Orbital Command  
  28  3:11  Cyclone  
  30  3:18  SCV  
  31  3:22  Barracks Tech Lab  
  31  3:31  SCV  
  32  3:36  SCV  
  33  3:43  Marine, SCV  
  33  3:44  Stimpack  
  33  3:47  Marine, Siege Tank  
  33  3:48  Marine, SCV  
  40  3:54  Barracks Tech Lab  
  40  3:55  SCV  
  41  4:00  SCV  
  41  4:01  Marine  
  41  4:02  Supply Depot  
  42  4:05  Marine x2  
  42  4:07  SCV  
  45  4:12  Combat Shield  
  45  4:16  Supply Depot  
  46  4:17  SCV  
  46  4:24  SCV  
  47  4:25  Engineering Bay  
  47  4:28  Marauder, Refinery  
  47  4:29  SCV  
  52  4:31  Marauder  
  52  4:36  SCV  
  52  4:38  Supply Depot  
  53  4:41  SCV  
  54  4:48  SCV  
  54  4:50  Marauder  
  54  4:52  Missile Turret, Terran Infantry Weapons Level 1  
  57  4:53  SCV  
  57  4:58  Marauder  
  60  5:00  Starport, SCV  
  60  5:03  Factory Reactor  
  60  5:06  Supply Depot, SCV  
  62  5:12  Marauder, SCV  
  64  5:18  Supply Depot, SCV  
  64  5:19  Marine x2, Marauder  
  69  5:24  SCV  
  69  5:25  Supply Depot  
  70  5:30  SCV  
  70  5:35  Marauder  
  70  5:38  Supply Depot  
  70  5:40  Marine x2  
  70  5:41  Marauder  
  74  5:48  Factory Reactor  
  74  5:49  Supply Depot  
  74  5:50  Medivac x2  
  78  5:57  Marauder, Marine  
  78  5:58  Marine  
  78  6:02  Marauder  
  84  6:10  SCV x2  
  82  6:19  Marine  
  82  6:20  Marine  
  82  6:21  Barracks Tech Lab  
  82  6:22  Medivac x2  
  82  6:23  Marauder  
  82  6:25  SCV x2  
  92  6:29  Supply Depot  
  92  6:31  Widow Mine x2  
  96  6:33  Concussive Shells, Command Center  
  96  6:40  Marine x2  
  96  6:41  Marauder  
  96  6:45  Marauder  
  102  6:49  Barracks  
  102  6:50  Barracks  
  102  6:53  Refinery  
  102  7:02  Widow Mine  
  102  7:03  Widow Mine  
  102  7:06  Marine x2  
  102  7:07  Marauder x2  
  112  7:08  SCV x2  
Show
View Real Time Build Order
Export as new Build Order

ShoWTimE Protoss 

Build Orders: 1 Gate Expand, Double Forge, Blink Stalkers 

Get SALT Encoding   

  12  0:00  Probe  
  13  0:12  Probe  
  14  0:17  Pylon  
  14  0:24  Probe  
  15  0:32  Probe  
  15  0:38  Gateway  
  15  0:40  Probe  
  16  0:47  Assimilator  
  17  0:51  Probe  
  18  1:03  Probe  
  19  1:15  Probe  
  20  1:25  Cybernetics Core  
  20  1:33  Nexus  
  20  1:39  Pylon  
  20  1:42  Probe  
  21  1:47  Assimilator  
  21  1:52  Adept  
  21  1:54  Probe  
  24  2:01  Warp Gate  
  24  2:06  Probe  
  25  2:10  Stalker  
  25  2:18  Probe  
  28  2:30  Probe  
  28  2:35  Twilight Council  
  28  2:36  Stalker  
  29  2:42  Probe  
  30  2:47  Probe  
  30  2:49  Blink  
  33  2:54  Probe  
  34  2:59  Probe  
  35  3:06  Probe  
  35  3:11  Probe, Stalker  
  39  3:18  Probe  
  40  3:23  Probe  
  40  3:25  Gateway  
  41  3:29  Pylon  
  41  3:31  Probe  
  42  3:35  Probe  
  43  3:43  Probe  
  43  3:48  Probe  
  44  3:55  Probe  
  44  3:58  Robotics Facility  
  44  4:00  Probe  
  45  4:04  Stalker  
  45  4:07  Probe  
  48  4:11  Pylon  
  48  4:19  Nexus  
  48  4:25  Stalker  
  48  4:28  Probe x2  
  48  4:31  Assimilator  
  52  4:40  Probe x2  
  52  4:43  Observer  
  54  4:48  Forge  
  54  4:49  Forge  
  54  4:52  Probe x2  
  57  4:55  Gateway  
  57  4:56  Charge  
  57  4:57  Observer  
  57  5:04  Probe x2  
  60  5:08  Pylon  
  60  5:10  Protoss Ground Weapons Level 1  
  60  5:19  Gateway  
  60  5:20  Gateway  
  60  5:22  Stalker  
  60  5:27  Protoss Ground Armor Level 1  
  62  5:29  Stalker  
  62  5:33  Probe  
  64  5:37  Gateway  
  64  5:46  Gateway, Sentry  
  66  5:51  Gateway  
  66  5:53  Probe x2  
  66  5:54  Probe  
  69  6:04  Observer  
  69  6:05  Probe x2  
  69  6:06  Probe  
  69  6:10  Zealot x3  
  76  6:12  Pylon  
  76  6:18  Immortal  
  78  6:21  Probe  
  78  6:22  Pylon  
  78  6:23  Probe  
  76  6:28  Zealot x2  
  76  6:31  Sentry x2  
  84  6:35  Stalker  
  86  6:40  Zealot x2  
  86  6:46  Zealot  
  92  6:49  Zealot  
  92  6:50  Zealot  
  92  6:54  Pylon  
  96  6:58  Zealot x2  
  100  7:05  Zealot x2  
  100  7:07  Pylon  
  100  7:14  Nexus  
  88  7:17  Zealot x2  
  80  7:22  Zealot x2  
  80  7:29  Zealot x2  
Tags
 
Add a new tag
Caveats
  • Supply blocks, unpowered buildings, or Contaminate may cause inaccurate times.
  • Supply counts are checked every 10 seconds.